 Dungeon Crawl Stone Soup version 0.22.0-16-gc6d26f6 (webtiles) character file.

58 harcile the Skirmisher (level 4, -2/41 HPs)
             Began as a Hill Orc Abyssal Knight on Aug 17, 2018.
             Was a Believer of Lugonu.
             Killed from afar by Natasha (8 damage)
             ... with a magic dart
             ... on level 1 of the Dungeon.
             The game lasted 00:03:14 (1277 turns).

harcile the Skirmisher (Hill Orc Abyssal Knight)    Turns: 1277, Time: 00:03:15

Health: -2/41      AC:  5    Str: 15    XL:     4   Next: 2%
Magic:  5/5        EV: 10    Int: 12    God:    Lugonu [**....]
Gold:   35         SH:  0    Dex: 10    Spells: 3/3 levels left

rFire    . . .     SeeInvis .   a - +1 hand axe
rCold    + . .     Gourm    .   (no shield)
rNeg     . . .     Faith    .   g - +0 ring mail
rPois    .         Spirit   .   (no helmet)
rElec    .         Reflect  .   (no cloak)
rCorr    .         Harm     .   (no gloves)
MR       .....                  (no boots)
Stlth    ..........             (no amulet)
HPRegen  0.13/turn              e - ring of protection from cold
MPRegen  0.09/turn              (no ring)

@: slowed, very slow
A: no striking features
a: Depart the Abyss, Bend Space, Renounce Religion


You were on level 1 of the Dungeon.
You worshipped Lugonu.
Lugonu was pleased with you.
You were not hungry.

You visited 1 branch of the dungeon, and saw 2 of its levels.
You visited the Abyss 1 time.

You collected 35 gold pieces.

Inventory:

Hand Weapons
 a - a +1 hand axe (weapon)
Armour
 b - a +0 leather armour
 g - a +0 ring mail (worn)
Jewellery
 e - a ring of protection from cold (left hand)
Scrolls
 d - a scroll of amnesia {unknown}
 h - 2 scrolls of identify {unknown}
 i - a scroll of random uselessness {unknown}
 k - 2 scrolls of fear {unknown}
Potions
 f - a potion of heal wounds {unknown}
 l - a potion of ambrosia {unknown}
Comestibles
 c - a ration
 j - 2 chunks of flesh


   Skills:
 + Level 4.7 Fighting
 + Level 3.8 Axes
 + Level 2.4 Armour
 + Level 1.2 Dodging
 + Level 2.5 Invocations


You had 3 spell levels left.
You didn't know any spells.
Your spell library was empty.

Dungeon Overview and Level Annotations

Branches:
Dungeon (2/15)

Altars:

Annotations:
D:1 Natasha


Message History

Natasha closely misses you. The white imp barely misses you.
You climb upwards.
The white imp disappears in a puff of smoke!
There is a stone staircase leading down here.
You closely miss Natasha.
Natasha is severely wounded.
Natasha claws you but does no damage.
Natasha stares at you and mumbles some strange words.
You feel as though you will be slow longer.
You barely miss Natasha.
Natasha is severely wounded.
Natasha mumbles some strange words.
Natasha casts a spell.
You hit Natasha.
Natasha is almost dead.
Natasha barely misses you.
You closely miss Natasha.
Natasha is almost dead.
Natasha casts a spell at you. The magic dart hits you!
You die...

### ##.## ###########...##
#..........(...####
#.#####............ #.#
#............ #5#
#.#........## ##h##
#.##....(.... ##5.@##
#.###........
########.#.#.###.###........
#............)....##.#......
#.######.#.#.###.###.#......
#.# ##............#.##...
#.########..##########.#####
#...........>..........#####
#..#######..#########.......
#..# #..# #.######


You could see Natasha, a crimson imp and a shadow imp.

Vanquished Creatures
  3 adders
  2 dart slugs (D:1)
  A leopard gecko (D:2)
  6 bats
  A giant cockroach (D:1)
  3 goblins
  4 hobgoblins
  2 kobolds (D:1)
  A ball python (D:1)
  A frilled lizard (D:1)
  2 rats (D:1)
26 creatures vanquished.

Notes
Turn   | Place    | Note
-------+----------+-------------------------------------------
     0 | Abyss:1  | harcile the Hill Orc Abyssal Knight began the quest for the Orb.
     0 | Abyss:1  | Reached XP level 1. HP: 19/19 MP: 2/2
    27 | D:1      | Escaped the Abyss
   368 | D:1      | Reached skill level 4 in Fighting
   422 | D:1      | Reached XP level 2. HP: 24/27 MP: 3/3
  1032 | D:2      | Reached skill level 1 in Dodging
  1032 | D:2      | Reached XP level 3. HP: 26/34 MP: 4/4
  1053 | D:2      | Noticed Natasha
  1255 | D:1      | Reached ** piety under Lugonu
  1263 | D:2      | Reached XP level 4. HP: 37/41 MP: 5/5
  1277 | D:1      | Killed from afar by Natasha

Skill      XL: |  1  2 |
---------------+-------+-----
Fighting       | 4 |  4.7
Axes           | 3 |  3.8
Dodging        | 1 |  1.2
Armour         | |  2.4
Invocations    | |  2.5

Action                   |  1- 3 |  4- 6 || total
-------------------------+-------+-------++-------
Melee: Hand axe          |    71 |    12 ||    83
  Eat: Chunk             |     1 |       ||     1
Armor: Leather armour    |     6 |       ||     6
       Ring mail         |    34 |     3 ||    37
Dodge: Dodged            |    58 |     7 ||    65
